AoeStats
← Tomato

African Clearing

504788469Analyzed
4v4 RM · 25d ago on Sep 6, 2026· 50m 46s· 8 players
Game mode
Random Map
Map size
Large (8 player)
Population
200
Speed
Normal
Resources
Standard
Victory
Conquest
Starting age
Dark Age
Ending age
Imperial Age
RankedLock teamsTeams togetherTeam positionsShared explorationLock speedFull tech treeHidden civsTurbo modeCheats
Victory
Defeat
🇨🇳 Romans · China
1444
+12
🇦🇷 Huns · Argentina
1374
+15
🇯🇵 Hindustanis · Japan
1373
+15
🇩🇪 Bengalis · Germany
1357
+16
🇻🇪 Chinese · Venezuela
1407
-17
🇺🇸 Persians · United States
1353
-14
🇳🇱 Poles · Netherlands
1345
-14
🇨🇱 Tupi · Chile
1326
-13
[TAIDA]= =
3:14 Loom
13:17 Feudal Age
17:14 Castle Age
16:06 Fletching
17:20 Double-Bit Axe
18:37 Bodkin Arrow
19:34 Padded Archer Armor
22:24 Wheelbarrow
23:03 Bow Saw
25:53 Hand Cart
26:25 Leather Archer Armor
26:43 Husbandry
27:53 Bloodlines
28:05 Gold Mining
33:17 Ballistics
34:02 Horse Collar
36:02 Town Watch
37:14 Thumb Ring
40:49 Imperial Age
40:47 Scale Barding Armor
40:54 Forging
40:05 Light Cavalry
41:32 Bracer
40:53 Heavy Cavalry Archer
41:59 Parthian Tactics
42:12 Conscription
42:53 Chemistry
43:35 Chain Barding Armor
43:29 Masonry
47:14 Plate Barding Armor
46:09 Hussar
50:11 Murder Holes
Basti8712
15:00 Feudal Age
16:38 Double-Bit Axe
19:26 Castle Age
18:39 Loom
19:30 Double-Bit Axe
19:29 Horse Collar
21:48 Heavy Plow
26:35 Fletching
34:51 Bow Saw
34:38 Bodkin Arrow
36:09 Wheelbarrow
36:36 Padded Archer Armor
37:33 Leather Archer Armor
40:33 Imperial Age
38:49 Hand Cart
39:41 Bloodlines
39:32 Husbandry
39:54 Ballistics
41:37 Conscription
42:43 Chemistry
41:48 Bracer
42:19 Ring Archer Armor
42:13 Elite Ratha (Ranged)
45:26 Pikeman
46:07 Squires
46:47 Elite Battle Elephant
47:30 Scale Mail Armor
47:40 Forging
47:37 Scale Barding Armor
47:26 Halberdier
50:32 Iron Casting
50:17 Chain Barding Armor
beneath mariana
12:06 Feudal Age
12:11 Feudal Age
16:19 Castle Age
14:10 Double-Bit Axe
15:06 Horse Collar
15:14 Town Watch
15:16 Loom
15:17 Town Watch
18:54 Bow Saw
26:27 Stone Mining
27:07 Gold Mining
28:14 Wheelbarrow
30:02 Hand Cart
32:08 Gold Shaft Mining
35:08 Imperial Age
32:44 Squires
32:49 Scale Mail Armor
33:30 Forging
32:43 Pikeman
33:59 Ballistics
34:28 Heavy Plow
35:40 Chain Mail Armor
36:00 Iron Casting
35:32 Halberdier
36:40 Conscription
36:40 Ballistas
36:03 Capped Ram
36:09 Man-at-Arms
36:18 Man-at-Arms
37:22 Siege Engineers
38:17 Chemistry
36:58 Long Swordsman
39:30 Blast Furnace
38:35 Legionary
39:48 Fletching
40:18 Heavy Scorpion
41:35 Siege Ram
43:40 Masonry
44:14 Comitatenses
45:41 Coinage
45:22 Guilds
45:34 Caravan
46:59 Crop Rotation
47:36 Banking
49:30 Bodkin Arrow
49:40 Scale Barding Armor
48:57 Elite Centurion
PeterWong1988
4:08 Loom
14:42 Feudal Age
19:43 Castle Age
18:49 Bloodlines
18:51 Forging
21:05 Husbandry
28:50 Horse Collar
35:06 Scale Barding Armor
46:57 Heavy Plow
51:07 Imperial Age
mikeymazko
5:59 Loom
14:17 Feudal Age
15:42 Fishing Lines
18:58 Castle Age
18:57 Wheelbarrow
18:09 Town Watch
18:43 Double-Bit Axe
19:40 Bow Saw
20:52 Fletching
21:44 Gillnets
25:27 Scale Barding Armor
26:41 Horse Collar
28:49 Heavy Plow
33:17 Imperial Age
31:16 Hand Cart
31:47 Gold Mining
31:50 Stone Mining
32:12 Bloodlines
32:16 Husbandry
33:40 Chain Barding Armor
32:57 Cavalier
34:27 Gold Shaft Mining
34:05 Forging
35:39 Two-Man Saw
34:50 Savar
37:01 Plate Barding Armor
37:38 Bodkin Arrow
39:09 Chemistry
39:11 Padded Archer Armor
40:48 Crop Rotation
42:31 Leather Archer Armor
43:20 Citadels
43:32 Conscription
44:25 Masonry
45:18 Hoardings
46:08 Ring Archer Armor
46:16 Iron Casting
Potro Occidental
4:35 Loom
12:59 Feudal Age
13:32 Double-Bit Axe
16:08 Fletching
24:08 Castle Age
26:01 Wheelbarrow
25:13 Town Watch
28:37 Bow Saw
30:02 Hand Cart
30:18 Horse Collar
37:48 Imperial Age
36:06 Bodkin Arrow
37:12 Pikeman
37:54 Squires
37:39 Arson
38:06 Scale Mail Armor
38:20 Forging
38:19 Gold Mining
38:20 Stone Mining
38:23 Elite Fire Lancer
39:22 Chain Mail Armor
39:56 Stone Shaft Mining
39:57 Gold Shaft Mining
38:45 Capped Ram
40:30 Siege Ram
41:50 Plate Mail Armor
41:56 Iron Casting
47:06 Two-Man Saw
46:43 Conscription
47:44 Heavy Scorpion
Loco Saiti
4:53 Loom
12:55 Feudal Age
18:01 Castle Age
15:57 Double-Bit Axe
16:42 Gold Mining
17:05 Horse Collar
23:44 Fletching
23:55 Padded Archer Armor
24:32 Padded Archer Armor
24:51 Bodkin Arrow
28:36 Leather Archer Armor
29:35 Ballistics
32:09 Wheelbarrow
33:53 Town Watch
34:20 Bow Saw
35:20 Hand Cart
39:05 Imperial Age
36:58 Scale Mail Armor
37:08 Forging
38:58 Chain Mail Armor
39:18 Iron Casting
38:36 Stone Mining
39:18 Squires
39:03 Arson
41:16 Two-Man Saw
40:16 Heavy Plow
42:03 Plate Mail Armor
41:56 Elite Ibirapema Warrior
43:18 Capped Ram
43:23 Champi Runner
44:52 Champi Warrior
46:07 Elite Champi Warrior
49:30 Caciques
Tomato
3:20 Loom
13:30 Feudal Age
15:53 Forging
16:55 Scale Barding Armor
19:14 Bloodlines
19:15 Horse Collar
25:11 Castle Age
24:56 Scale Mail Armor
30:06 Szlachta Privileges
30:08 Husbandry
34:31 Iron Casting
35:01 Double-Bit Axe
43:57 Imperial Age
44:01 Chain Mail Armor
44:07 Chain Barding Armor
43:38 Town Watch
45:01 Conscription
44:17 Capped Ram
45:31 Cavalier
48:24 Wheelbarrow
Connection lost

Rejoining the realm…

Still unreachable

The connection could not be restored.

Session expired

The server has moved on; the page needs a fresh start.